 Dungeon Crawl Stone Soup version 0.26-a0-689-gc93c913f66 (webtiles) character file.

Game seed: 13028693596159526983

(classic levelgen) 5691 EnegeticOcto the Covert (level 11, -12/66 HPs)
             Began as a Kobold Chaos Knight on Oct 23, 2020.
             Was a Plaything of Xom.
             Killed from afar by a fire dragon (36 damage)
             ... with a blast of flame
             ... on level 9 of the Dungeon.
             The game lasted 00:20:40 (9178 turns).

EnegeticOcto the Covert (Kobold Chaos Knight)       Turns: 9178, Time: 00:20:42

Health: -12/66     AC:  9    Str: 13    XL:     11   Next: 4%
Magic:  18/18      EV: 14    Int:  9    God:    Xom [.*....]
Gold:   155        SH: 15    Dex: 18    Spells: 10/10 levels left

rFire    . . .     SeeInvis .   a - +4 scimitar (vamp)
rCold    . . .     Faith    .   E - +0 kite shield
rNeg     . . .     Spirit   .   C - +2 leather armour
rPois    .         Reflect  +   (helmet restricted)
rElec    .         Harm     .   x - scarf {shadows}
rCorr    .         Rampage  .   s - +1 pair of gloves
MR       +....                  (no boots)
Stlth    +++++++...             N - amulet "Miju" {Reflect MP+9 Int-5 SH+5 Stlth+}
HPRegen  0.61/turn              p - +4 ring of protection
MPRegen  0.16/turn              M - +4 ring of slaying

@: no status effects
A: small, antennae 1, claws 1, agile 2, deformed body, low mp 1, magic
resistance 1, nightstalker 3, sense surroundings 1, regeneration 1, screaming 1
a: Renounce Religion


You were on level 9 of the Dungeon.
You worshipped Xom.
You were a plaything of Xom.
You visited 1 branch of the dungeon, and saw 9 of its levels.
You also visited: Sewer.

You collected 547 gold pieces.
You spent 392 gold pieces at shops.

Inventory:

Hand Weapons
 a - a +4 vampiric scimitar (weapon)
 b - a +5 dagger of freezing
 D - the +2 dagger of Lust {vorpal, rPois Str+5}
   (You found it on level 9 of the Dungeon)

   It inflicts extra damage upon your enemies.
   It affects your strength (+5).
   It protects you from poison.
 G - a +1 scimitar of freezing
 J - the +4 rapier of Avuma {protect, *Corrode rPois Str+8}
   (You took it off an orc on level 9 of the Dungeon)

   It grants its wielder temporary protection when it strikes (+7 to AC).
   It affects your strength (+8).
   It protects you from poison.
   It may corrode you when you take damage.
Missiles
 r - 2 atropa-tipped darts (quivered)
Armour
 k - a +0 leather armour of cold resistance
 s - a +1 pair of gloves (worn)
 x - a scarf of shadows (worn)
 C - a +2 leather armour (worn)
 E - a +0 kite shield (worn)
Jewellery
 f - an uncursed ring of stealth
 i - an uncursed ring of wizardry
 p - a +4 ring of protection (left hand)
 z - an uncursed amulet of the acrobat
 A - an uncursed amulet of magic regeneration
 M - a +4 ring of slaying (right hand)
 N - the amulet "Miju" (around neck) {Reflect MP+9 Int-5 SH+5 Stlth+}
   (You took it off an orc on level 9 of the Dungeon)

   [amulet of reflection]

   It shields you and reflects attacks.
   It affects your intelligence (-5).
   It affects your magic capacity (+9).
   It affects your SH (+5).
   It makes you more stealthy.
Wands
 t - a wand of digging (5) {@v3}
 H - a wand of acid (10) {@v1}
 K - a wand of flame (3) {@v4}
Scrolls
 c - 4 scrolls of remove curse {@r2}
 d - 2 scrolls of teleportation {@r3 !r}
 e - 6 scrolls of magic mapping {@r5 !r}
 g - 2 scrolls of amnesia
 h - a scroll of immolation
 j - 4 scrolls of fog {!r}
 B - a scroll of brand weapon
 I - a scroll of fear {!r}
 L - a scroll of silence
Potions
 l - 4 potions of haste {@q4 !q}
 m - 2 potions of mutation
 n - a potion of stabbing {@q5 !q}
 q - a potion of might {@q3 !q}
 u - 3 potions of brilliance
 v - 3 potions of flight
 w - 3 potions of curing {@q1 !q}
 O - a potion of cancellation


   Skills:
 - Level 6.8 Fighting
 - Level 6.3(9.8) Short Blades
 * Level 7.5(8.0) Long Blades
 - Level 0.7 Armour
 - Level 3.7 Dodging
 - Level 11.6 Stealth
 + Level 4.4 Shields
 - Level 4.5 Evocations


You had 10 spell levels left.
You didn't know any spells.
Your spell library contained the following spells:

 Spells                   Type           Power        Failure   Level
 Animate Skeleton         Necr           #.....       94%         1
 Apportation              Tloc           #.....       94%         1
 Corona                   Hex            #......      94%         1
 Summon Small Mammal      Summ           #...         94%         1


Dungeon Overview and Level Annotations

Branches:
Dungeon (9/15)             Temple (0/1) D:6            Lair (0/6) D:9
  Sewer (visited)
    Orc: D:9-12

Altars:
Dithmenos
Gozag
Hepliaklqana
Kikubaaqudgha
Qazlal
Sif Muna
Xom

Shops:
D:4 }

Annotations:
D:7 exclusion: 6 doors


Innate Abilities, Weirdness & Mutations

You are small and have problems with some larger weapons.
You are completely attuned to the shadows.
You have a pair of small antennae on your head.
You have sharp fingernails.
You are very agile. (Dex +4)
Armour fits poorly on your strangely shaped body.
Your magical capacity is low. (-10% MP)
You are resistant to hostile enchantments. (MR+)
You passively map a small area around you.
Your natural rate of healing is unusually fast.
You occasionally shout uncontrollably at your foes.


Message History

Evoke which item? (* to show all) (? for menu, Esc to quit)
Aiming: Paralyse
Press: ? - help, Shift-Dir - straight line, f/p - fire dragon
Aim: a fire dragon (chance to defeat MR: 25%)
The fire dragon resists with almost no effort.
Evoke which item? (* to show all) (? for menu, Esc to quit)
Aiming: Paralyse
Press: ? - help, Shift-Dir - straight line, f/p - fire dragon
Aim: a fire dragon (chance to defeat MR: 25%)
The fire dragon resists with almost no effort.
You block the fire dragon's attack. x2
The fire dragon tramples you but does no damage.
Evoke which item? (* to show all) (? for menu, Esc to quit)
Aiming: Paralyse
Press: ? - help, Shift-Dir - straight line, f/p - fire dragon
Aim: a fire dragon (chance to defeat MR: 25%)
The fire dragon resists with almost no effort.
The fire dragon barely misses you.
You riposte.
You slash the fire dragon!
The fire dragon is lightly wounded.
The fire dragon closely misses you. The fire dragon tramples you.
You stumble backwards!
Evoke which item? (* to show all) (? for menu, Esc to quit)
Aiming: Paralyse
Press: ? - help, Shift-Dir - straight line, f/p - fire dragon
Aim: a fire dragon (lightly wounded, chance to defeat MR: 25%)
The fire dragon resists with almost no effort.
You block the fire dragon's attack. The fire dragon completely misses you.
The fire dragon misses you.
Evoke which item? (* to show all) (? for menu, Esc to quit)
Aiming: Paralyse
Press: ? - help, Shift-Dir - straight line, f/p - fire dragon
Aim: a fire dragon (lightly wounded, chance to defeat MR: 25%)
The fire dragon resists with almost no effort.
You block the fire dragon's attack. x2; The fire dragon tramples you.
You stumble backwards!
Evoke which item? (* to show all) (? for menu, Esc to quit)
Aiming: Paralyse
Press: ? - help, Shift-Dir - straight line, f/p - fire dragon
Aim: a fire dragon (lightly wounded, chance to defeat MR: 25%)
The fire dragon resists with almost no effort.
The now-empty wand crumbles to dust.
The fire dragon bites you! You block the fire dragon's attack.
The fire dragon tramples you!
You stumble backwards!
No previous command to re-do.
You don't know any spells.
Evoke which item? (* to show all) (? for menu, Esc to quit)
Aiming: Corrosive Bolt
Press: ? - help, Shift-Dir - straight line, f/p - fire dragon
Aim: a fire dragon (lightly wounded)
The bolt of acid hits the fire dragon!
The fire dragon is splashed with acid.
The acid corrodes the fire dragon!
The fire dragon is moderately wounded.
The fire dragon bites you. The fire dragon closely misses you.
The fire dragon tramples you.
You stumble backwards!
Evoke which item? (* to show all) (? for menu, Esc to quit)
Aiming: Corrosive Bolt
Press: ? - help, Shift-Dir - straight line, f/p - fire dragon
Aim: a fire dragon (moderately wounded, covered in acid)
The bolt of acid misses the fire dragon.
You hear two shouts!
You block the fire dragon's attack. x3
Evoke which item? (* to show all) (? for menu, Esc to quit)
Aiming: Corrosive Bolt
Press: ? - help, Shift-Dir - straight line, f/p - fire dragon
Aim: a fire dragon (moderately wounded, covered in acid)
The bolt of acid misses the fire dragon.
The fire dragon misses you.
You riposte.
You completely miss the fire dragon.
The fire dragon is moderately wounded.
The fire dragon claws you. The fire dragon tramples you!
* * * LOW HITPOINT WARNING * * *
You stumble backwards!
Really quaff
o - a potion of heal wounds {@q2 !q}?
You feel much better. You block the fire dragon's attack. x2
The fire dragon closely misses you.
Evoke which item? (* to show all) (? for menu, Esc to quit)
Aiming: Corrosive Bolt
Press: ? - help, Shift-Dir - straight line, f/p - fire dragon
Aim: a fire dragon (moderately wounded, covered in acid)
The bolt of acid hits the fire dragon!
The fire dragon is splashed with acid.
The fire dragon seems to be corroded for longer.
The fire dragon is moderately wounded.
The fire dragon bites you. The fire dragon claws you.
The fire dragon tramples you!
You stumble backwards!
Evoke which item? (* to show all) (? for menu, Esc to quit)
Aiming: Corrosive Bolt
Press: ? - help, Shift-Dir - straight line, f/p - fire dragon
Aim: a fire dragon (moderately wounded, covered in acid)
The bolt of acid hits the fire dragon!
The fire dragon is splashed with acid!
The fire dragon is heavily wounded.
You block the fire dragon's attack. x2; The fire dragon misses you.
Evoke which item? (* to show all) (? for menu, Esc to quit)
Aiming: Corrosive Bolt
Press: ? - help, Shift-Dir - straight line, f/p - fire dragon
Aim: a fire dragon (heavily wounded, covered in acid)
The bolt of acid misses the fire dragon.
The fire dragon breathes flames at you. The blast of flame hits you!!!
Ouch! That really hurt!
You die...
Xom bursts into laughter!

###################
..................#
....############..# ....# #@.#
....############D.#
..................###############
.................................
..........†........##############
...............<...# #
..........>........# #
...........)†......# #
.................>.##############


You could see a fire dragon (catching breath, corroded).

Vanquished Creatures
  A centaur warrior (D:9)
  An ugly thing (D:9)
  A manticore (D:9)
  Sigmund (D:4)
  A wraith (D:8)
  A yak (D:9)
  Duvessa (D:4)
  4 orc warriors
  A sky beast (D:9)
  An ice beast (D:5)
  Purgy (Sewer)
  2 phantoms
  5 ogres
  A black bear (D:9)
  2 centaurs
  Blork the orc (D:4)
  A wyvern zombie (D:9)
  2 gnoll sergeants (D:5)
  3 bullfrogs
  Dowan (D:4)
  A scorpion (D:8)
  A killer bee (D:9)
  9 wights
  2 howler monkeys
  2 bullfrog zombies (D:9)
  2 jellies
  7 orc priests
  6 orc wizards
  5 iguanas
  Terence (D:2)
  3 worker ants
  A hound zombie (D:9)
  2 hound skeletons
  2 worker ant zombies
  Robin (D:2)
  17 adders
  A howler monkey skeleton (D:6)
  A river rat (D:4)
  2 shadow imps
  3 white imps
  4 ufetubi
  An ooze (D:2)
  2 adder skeletons
  6 worms
  5 dart slugs
  6 leopard geckos
  35 orcs
  5 bats
  8 giant cockroaches
  19 goblins
  9 hobgoblins
  4 quokkas
  3 ball pythons
  10 frilled lizards
  A jackal skeleton (D:6)
  12 kobolds
  2 leopard gecko skeletons
  A leopard gecko zombie (D:5)
  13 rats
247 creatures vanquished.

Notes
Turn   | Place    | Note
-------+----------+-------------------------------------------
     0 | D:1      | EnegeticOcto the Kobold Chaos Knight began the quest for
                  | the Orb.
     0 | D:1      | Reached XP level 1. HP: 14/14 MP: 1/1
    36 | D:1      | You fall into a shaft and drop 1 floor!
    65 | D:1      | Reached skill level 1 in Stealth
    74 | D:1      | Reached XP level 2. HP: 19/19 MP: 2/2
   128 | D:1      | Reached skill level 2 in Stealth
   342 | D:1      | XOM: 3-stop teleportation journey
   400 | D:1      | XOM: noise
   496 | D:1      | Reached XP level 3. HP: 23/23 MP: 3/3
   513 | D:1      | Reached skill level 3 in Stealth
   578 | D:1      | XOM: divination: detect creatures
   846 | D:2      | Reached XP level 4. HP: 28/28 MP: 4/4
   869 | D:2      | Reached skill level 4 in Stealth
  1053 | D:2      | Noticed Terence
  1079 | D:2      | XOM: confuse monster(s)
  1086 | D:2      | Killed Terence
  1086 | D:2      | Reached skill level 5 in Short Blades
  1240 | D:2      | XOM: potion effect (haste)
  1260 | D:2      | Reached skill level 5 in Stealth
  1260 | D:2      | Reached XP level 5. HP: 31/32 MP: 5/5
  1270 | D:2      | Noticed Robin
  1280 | D:2      | Killed Robin
  1477 | D:2      | XOM is BORED!
  1477 | D:2      | XOM: give mutations
  1477 | D:2      | Gained mutation: You are dopey. (Int -2) [Xom's mischief]
  1477 | D:2      | Gained mutation: Armour fits poorly on your strangely
                  | shaped body. [Xom's mischief]
  1818 | D:3      | XOM: give mutations
  1818 | D:3      | Gained mutation: Your magical capacity is low. (-10% MP)
                  | [Xom's mischief]
  1818 | D:3      | Gained mutation: You occasionally shout uncontrollably at
                  | your foes. [Xom's mischief]
  2020 | D:3      | Reached skill level 6 in Stealth
  2372 | D:3      | Reached XP level 6. HP: 38/38 MP: 5/5
  2433 | D:3      | Reached skill level 4 in Fighting
  2832 | D:3      | XOM: give mutations
  2832 | D:3      | Gained mutation: You have a pair of small antennae on your
                  | head. [Xom's grace]
  2832 | D:3      | Gained mutation: Your natural rate of healing is unusually
                  | fast. [Xom's grace]
  2888 | D:3      | XOM: god gift: 3 atropa-tipped darts
  2988 | D:3      | XOM: summons 4 hostile demons
  3052 | D:4      | XOM: butterfly on damage
  3056 | D:4      | Reached skill level 7 in Stealth
  3063 | D:3      | XOM: scenery: create altars
  3206 | D:4      | Noticed Sigmund
  3211 | D:4      | XOM: divination: detect creatures
  3224 | D:4      | Killed Sigmund
  3224 | D:4      | Reached XP level 7. HP: 33/44 MP: 6/6
  3310 | D:4      | XOM: cleaving
  3312 | D:4      | Reached skill level 6 in Short Blades
  3312 | D:4      | Reached skill level 8 in Stealth
  3361 | D:4      | Noticed Blork the orc
  3362 | D:4      | XOM: cast spell 'Chain of Chaos'
  3364 | D:4      | Killed Blork the orc
  3374 | D:4      | Reached skill level 5 in Fighting
  3431 | D:4      | Noticed Dowan
  3458 | D:4      | XOM: butterfly on damage
  3565 | D:4      | XOM: give mutation
  3565 | D:4      | Gained mutation: You are resistant to hostile enchantments.
                  | (MR+) [Xom's grace]
  3580 | D:4      | Reached XP level 8. HP: 44/49 MP: 7/7
  3582 | D:4      | Found a glowing drain.
  3597 | Sewer    | Entered a sewer
  3621 | Sewer    | Noticed Purgy
  3630 | Sewer    | Killed Purgy
  3630 | Sewer    | Reached skill level 1 in Long Blades
  3630 | Sewer    | Reached skill level 9 in Stealth
  3952 | D:4      | Found Mubboq's Gadget Shop.
  3955 | D:4      | Bought a wand of paralysis (6) for 112 gold pieces
  3998 | D:5      | Entered Level 5 of the Dungeon
  4038 | D:5      | XOM: scenery: create altars
  4201 | D:5      | XOM: scenery: create altars
  4203 | D:5      | Reached skill level 2 in Long Blades
  4203 | D:5      | Reached skill level 1 in Evocations
  4467 | D:5      | Found a shimmering altar of Xom.
  4485 | D:5      | Found an opulent altar of Gozag.
  4486 | D:5      | Found a shimmering blue altar of Sif Muna.
  4639 | D:5      | XOM: cast spell 'Summon Ice Beast'
  4710 | D:5      | XOM: give mutation
  4710 | D:5      | Gained mutation: You passively map a small area around you.
                  | [Xom's grace]
  4820 | D:5      | Reached skill level 2 in Evocations
  5111 | D:5      | Reached skill level 10 in Stealth
  5114 | D:5      | Reached skill level 3 in Long Blades
  5114 | D:5      | Reached XP level 9. HP: 55/55 MP: 8/8
  5129 | D:5      | XOM: summons friendly crimson imp
  5145 | D:5      | Reached skill level 6 in Fighting
  5351 | D:6      | Reached skill level 3 in Evocations
  5379 | D:6      | Reached skill level 1 in Shields
  5552 | D:6      | Found a staircase to the Ecumenical Temple.
  5623 | D:6      | XOM is BORED!
  5708 | D:6      | XOM: god gift: 12 stones
  5785 | D:6      | XOM: cleaving
  5792 | D:6      | Reached skill level 4 in Long Blades
  5881 | D:6      | XOM: swap monsters
  5910 | D:6      | XOM: give mutation
  5910 | D:6      | Gained mutation: You have sharp fingernails. [Xom's grace]
  6225 | D:7      | Reached skill level 11 in Stealth
  6343 | D:7      | Identified the cursed +0 chain mail of Lifelessness
                  | {*Corrode rPois Str+2} (You found it on level 7 of the
                  | Dungeon)
  6422 | D:7      | Found a stormy altar of Qazlal.
  6427 | D:7      | Found a hazy altar of Hepliaklqana.
  6473 | D:7      | Found an ancient bone altar of Kikubaaqudgha.
  6830 | D:8      | XOM: 6-stop teleportation journey
  7168 | D:8      | XOM: god gift: morningstar {god gift}
  7254 | D:9      | XOM: summons friendly shadow imp
  7275 | D:9      | XOM: 2-stop teleportation journey
  7449 | D:9      | Got a masterwork dagger
  7449 | D:9      | Identified the +2 dagger of Lust {vorpal, rPois Str+5} (You
                  | found it on level 9 of the Dungeon)
  7460 | D:9      | Reached skill level 3 in Dodging
  7464 | D:9      | XOM: smoke on damage
  7472 | D:9      | Noticed a fire dragon
  7541 | D:8      | Found a shadowy altar of Dithmenos.
  7569 | D:8      | XOM: confuse monster(s)
  7575 | D:8      | Reached skill level 4 in Evocations
  7636 | D:8      | XOM: enchant monster (good)
  7647 | D:8      | XOM: enchant monster (good)
  7735 | D:8      | XOM: potion effect (haste)
  7746 | D:8      | Reached skill level 2 in Shields
  7746 | D:8      | Reached XP level 10. HP: 61/61 MP: 9/9
  7976 | D:4      | Killed Dowan
  7976 | D:4      | Noticed Duvessa
  7980 | D:4      | Killed Duvessa
  8024 | D:4      | XOM: summons 1 hostile demon
  8255 | D:4      | Bought a wand of acid (6) for 280 gold pieces
  8379 | D:9      | Noticed a two-headed ogre
  8395 | D:8      | Reached skill level 5 in Long Blades
  8454 | D:9      | Found a staircase to the Lair.
  8530 | D:9      | Noticed a manticore
  8548 | D:9      | Killed a manticore
  8640 | D:9      | Reached skill level 3 in Shields
  8643 | D:9      | Identified the +4 rapier of Avuma {protect, *Corrode rPois
                  | Str+8}
  8662 | D:9      | Reached skill level 6 in Long Blades
  8703 | D:9      | XOM: cast spell 'Summon Small Mammal'
  8761 | D:9      | Identified the amulet "Miju" {Reflect MP+9 Int-5 SH+5
                  | Stlth+}
  8780 | D:9      | Noticed a centaur warrior
  8788 | D:9      | Killed a centaur warrior
  8790 | D:9      | XOM: butterfly on damage
  8793 | D:9      | Reached skill level 4 in Shields
  8797 | D:9      | Reached skill level 7 in Long Blades
  9031 | D:8      | XOM: give mutations
  9031 | D:8      | Lost mutation: You are dopey. (Int -2) [Xom's grace]
  9031 | D:8      | Gained mutation: You are agile. (Dex +2) [Xom's grace]
  9031 | D:8      | Gained mutation: You are very agile. (Dex +4) [Xom's grace]
  9095 | D:9      | Noticed a green ugly thing
  9102 | D:9      | Killed a green ugly thing
  9102 | D:9      | Reached XP level 11. HP: 66/66 MP: 9/9
  9178 | D:9      | Killed from afar by a fire dragon

Illustrated notes

Levels and vault maps discovered:
D:1:      dpeg_arrival_oval, layout_basic, minmay_liquid_box
D:2:      minmay_recursive_quarters, layout_rooms, uniq_terence, uniq_robin
D:3:      layout_loops_ring, bh_walls_and_bars
D:4:      layout_loops_ring, serial_shops, nicolae_shop_window_shopping,
          gup_sewer_entry_bubbles, uniq_duvessa, uniq_sigmund,
          uniq_blork_the_orc
D:5:      layout_basic, minitemple, sword_in_stone
D:6:      layout_basic, minmay_temple_entry_metal_lava
D:7:      layout_loops_cross, old_standard_altar,
          gammafunk_temple_overflow_pools, eino_jars
D:8:      layout_basic, grunt_dithmenos_smoke
D:9:      minmay_the_grid_octo_tiled_squarecenter
          [minmay_the_grid_octo_pinwheel, minmay_the_grid_octo_focus,
          minmay_the_grid_octo_clover, minmay_the_grid_octo_toaster,
          minmay_the_grid_square_5x5_megaprize_diamond,
          minmay_the_grid_square_5x5_n, minmay_the_grid_square_5x5_hollow_slash,
          minmay_the_grid_square_5x5_comb,
          minmay_the_grid_square_5x5_sharp_hourglass], layout_long_grid

Skill      XL: |  1  2  3  4  5  6  7  8  9 10 |
---------------+-------------------------------+-----
Stealth        | 1 2 3 5 6 7 8 10 11 | 11.6
Short Blades   | 5 6 |  6.3
Fighting       | 4 5 6 |  6.8
Long Blades    | 3 4 7 |  7.5
Evocations     | 2 4 |  4.5
Shields        | 2 4 |  4.4
Dodging        | 3 |  3.7
Armour         | |  0.7

Action                   |  1- 3 |  4- 6 |  7- 9 | 10-12 || total
-------------------------+-------+-------+-------+-------++-------
Melee: Short sword       |    66 |    13 |       |       ||    79
       Trident           |       |   168 |    24 |       ||   192
       Rapier            |       |     3 |       |       ||     3
       Scimitar          |       |       |   306 |   154 ||   460
       Dagger            |       |       |     4 |     1 ||     5
Throw: Dart              |       |       |     4 |       ||     4
Evoke: Wand              |       |       |     2 |    18 ||    20
  Use: Scroll            |     2 |     4 |    14 |     3 ||    23
       Potion            |       |       |     2 |     3 ||     5
 Stab: Sleeping          |     8 |    20 |    37 |       ||    65
       Distracted        |     1 |       |     4 |     2 ||     7
       Paralysed         |     1 |       |     8 |     9 ||    18
       Confused          |       |     1 |       |       ||     1
       Invisible         |       |       |     1 |       ||     1
Armor: Leather armour    |     8 |    26 |    62 |    45 ||   141
Dodge: Dodged            |    33 |   114 |   204 |   102 ||   453
Block: Kite shield       |       |       |    36 |    95 ||   131
       Rpst.: Scimitar   |       |       |    63 |    26 ||    89

Table legend: (Time is in decaauts)
 A = Elapsed time spent in this place.
 B = Non-inter-level travel time spent in this place.
 C = Inter-level travel time spent in this place.
 D = Time resting spent in this place.
 E = Time spent auto-exploring this place.
 F = Levels seen in this place.
 G = Mean time per level.
                   A        B        C        D        E       F      G
               +--------+--------+--------+--------+--------+-----+--------+
         Total |   9348 |   8846 |    502 |    450 |   6168 |  10 |  934.8 |
       Dungeon |   9185 |   8683 |    502 |    450 |   6160 |   9 | 1020.6 |
         Sewer |    163 |    163 |      0 |      0 |      8 |   1 |  163.0 |
               +--------+--------+--------+--------+--------+-----+--------+

Top non-repeatable levels by time:
     D:3: 1419 daAuts
     D:5: 1255 daAuts
     D:8: 1203 daAuts
     D:4: 1094 daAuts
     D:2: 1073 daAuts
     D:7: 850 daAuts
     D:9: 801 daAuts
     D:6: 770 daAuts
     D:1: 715 daAuts
   Sewer: 163 daAuts
